 Dungeon Crawl Stone Soup version 0.29-a0-355-g7276a9ff7f (webtiles) character file.

Game seed: 11848508045586070340

136468 Dauddaud the Executioner (level 16, -4/220 HPs)
             Began as a Minotaur Berserker on Apr 25, 2022.
             Was a High Priest of Trog.
             Succumbed to a sea snake's poison
             ... on level 4 of the Lair of Beasts on Apr 26, 2022.
             The game lasted 01:47:09 (49272 turns).

Dauddaud the Executioner (Minotaur Berserker)      Turns: 49272, Time: 01:47:09

Health: -4/220     AC: 37    Str: 29    XL:     16   Next: 66%
Magic:  15/15      EV:  9    Int:  4    God:    Trog [*****.]
Gold:   2132       SH:  0    Dex: 11    Spells: 15/15 levels left

rFire   . . .      SeeInvis .   a - +2 executioner's axe (elec)
rCold   . . .      Faith    .   (shield currently unavailable)
rNeg    . . .      Spirit   .   N - +0 crystal plate armour
rPois   .          Reflect  .   m - +2 hat {Will+}
rElec   .          Harm     .   E - +0 cloak
rCorr   .          Rampage  .   b - +1 pair of gloves
Will    ++...                   v - +2 pair of boots {Fly}
Stlth   ..........              C - amulet of regeneration
HPRegen 1.26/turn               L - +4 ring of slaying
MPRegen 0.14/turn               x - +4 ring of protection

@: berserking, lethally poisoned (-4 -> -42), flying, studying Staves, very
quick
A: horns 2, retaliatory headbutt, evolution 1, subdued magic 1
a: Renounce Religion, Berserk, Trog's Hand, Brothers in Arms


You were on level 4 of the Lair of Beasts.
You worshipped Trog.
Trog was extremely pleased with you.
You visited 5 branches of the dungeon, and saw 25 of its levels.
You visited the Abyss 1 time.
You also visited: Gauntlet and Ice Cave.

You collected 3442 gold pieces.
You spent 1310 gold pieces at shops.

Inventory:

Hand Weapons
 a - a +2 executioner's axe of electrocution (weapon)
 Y - a +0 battleaxe of freezing
Armour
 b - a +1 pair of gloves (worn)
 m - a +2 hat of willpower (worn)
 u - a +3 scale mail of cold resistance
 v - a +2 pair of boots of flying (worn)
 E - a +0 cloak (worn)
 N - a +0 crystal plate armour (worn)
Jewellery
 p - a ring of positive energy
 r - a +4 ring of protection
 x - a +4 ring of protection (right hand)
 y - the ring "Bisaluv" {EV+4 Dex+7 SInv}
   (You found it in a Gauntlet)

   [ring of evasion]

   EV:        It affects your evasion (+4).
   Dex:       It affects your dexterity (+7).
   SInv:      It lets you see invisible.
 C - an amulet of regeneration (around neck)
 L - a +4 ring of slaying (left hand)
 Q - a ring of protection from fire
 X - a +6 ring of strength
Wands
 w - a wand of iceblast (23)
 z - a wand of flame (23)
 H - a wand of charming (6)
 M - a wand of polymorph (18)
 P - a wand of digging (5)
Scrolls
 c - 7 scrolls of enchant armour
 e - 5 scrolls of fear
 g - 4 scrolls of immolation
 i - a scroll of blinking
 j - 4 scrolls of enchant weapon
 k - 10 scrolls of teleportation
 l - 5 scrolls of fog
 o - a scroll of brand weapon
 S - 2 scrolls of silence
 U - 3 scrolls of holy word
 V - a scroll of identify
 Z - 3 scrolls of summoning
Potions
 d - a potion of might
 f - 2 potions of magic
 q - a potion of cancellation
 s - 2 potions of haste
 A - a potion of mutation
 B - 3 potions of heal wounds
 F - a potion of lignification
 I - a potion of invisibility
 K - 5 potions of curing
 R - a potion of resistance
Miscellaneous
 t - a box of beasts
 D - a phantom mirror


   Skills:
 * Level 14.5 Fighting
 - Level 24.0 Axes
 * Level 14.3 Armour
 + Level 9.5 Dodging
 + Level 12.3 Evocations


You had 15 spell levels left.
You didn't know any spells.
Your spell library was empty.

Dungeon Overview and Level Annotations

Branches:
Dungeon (13/15)            Temple (0/1) D:5            Lair (6/6) D:10
 Shoals (1/4) Lair:4       Spider (0/4) Lair:2        Slime (0/5) Lair:6
    Orc (2/2) D:11            Elf (3/3) Orc:2         IceCv (visited)
Gauntlet (visited)
 Vaults: D:13-14

Altars:
Hepliaklqana
Nemelex Xobeh
Qazlal
Ru
Uskayaw
Wu Jian
Xom
The Shining One
Beogh
Jiyva

Shops:
D:3 ?   D:11 (   Orc:1 !   Orc:2 [:*?   Elf:1 *   Elf:3 *?

Portals:
Pandemonium: Orc:2


Innate Abilities, Weirdness & Mutations

You have a pair of horns on your head.
You reflexively headbutt those who attack you in melee.
You have hidden genetic potential.
Your spells are a little easier to cast, but a little less powerful.


Message History

The water nymph flows with the water.
The merfolk impaler hits you from afar with a +4 trident of venom.
* * * LOW HITPOINT WARNING * * *
You are more poisoned.
The sea snake completely misses you.
You fly upwards.
Welcome back to the Lair of Beasts!
You feel extremely sick.
There is a staircase to the Shoals here.
A red film seems to cover your vision as you go berserk!
You feel yourself moving faster!
You feel mighty!
You feel very sick. The sea snake bites you!
* * * LOW HITPOINT WARNING * * *
You are lethally poisoned!
The sea snake poisons you!
You miss the sea snake.
The sea snake is moderately wounded.
* * * LOW HITPOINT WARNING * * *
You feel very sick.
You barely miss the sea snake.
The sea snake is moderately wounded.
* * * LOW HITPOINT WARNING * * *
You feel very sick. The sea snake bites you.
* * * LOW HITPOINT WARNING * * *
You are more poisoned.
The sea snake poisons you!
You closely miss the sea snake. Your headbutt misses the sea snake.
The sea snake is moderately wounded.
* * * LOW HITPOINT WARNING * * *
You feel extremely sick.
You chop the sea snake into pieces!!! You headbutt the sea snake!
You kill the sea snake!
Trog accepts your kill.
* * * LOW HITPOINT WARNING * * *
You feel very sick.
* * * LOW HITPOINT WARNING * * *
You feel extremely sick.
You feel a strong urge to attack something.
You die...

.#..............##≈..####...##..#
#................#...............
#.(..............#...............
##...............#...............
#..............##≈..............
##.............##≈≈...........P##
#P.#.##.P.'.####≈≈≈≈#.'###.....#
##..######.####≈≈≈≈###.###.....##
#...####P..###≈≈@≈≈###..#........
#...##......##≈≈≈≈##.............
#...##.....P##≈≈≈≈#....##.....#..
##.##..#..P####≈≈###..###.....##.
#P.#####...####### ##..##P....###
##.####.#.###....###....##.....#.
#...............................
#...............................
##...............................


There were no monsters in sight!

Vanquished Creatures
  Jorgrun (Orc:1)
  2 frost giants (IceCv)
  A deep elf sorcerer (Elf:3)
  2 cacodemons (Abyss:2)
  A ghoul (Abyss:2)
  Nessos (Lair:4)
  A deep elf annihilator (Elf:1)
  A minotaur (Gauntlet)
  A white draconian (IceCv)
  A fire dragon (Lair:6)
  A merfolk impaler (Shoals:1)
  A great orb of eyes (Gauntlet)
  Fannar (Orc:1)
  6 hydras
  Erolcha (D:11)
  5 ice dragons (IceCv)
  9 ironbound frosthearts (IceCv)
  2 demonspawn (Orc:2)
  4 two-headed ogres
  A death knight (Abyss:2)
  Erica (D:10)
  10 death yaks (Lair:6)
  9 dancing weapons
  7 orc high priests
  3 deep elf knights
  A sun demon (Orc:2)
  5 skeletal warriors
  2 large abominations (Abyss:2)
  A sea snake (Lair:4)
  A spatial maelstrom (Abyss:2)
  A swamp dragon (Lair:6)
  An orange crystal statue (IceCv)
  9 deep elf archers
  A wizard (Elf:1)
  6 orc knights
  Pikel (D:8)
  16 deep elf pyromancers
  4 orc sorcerers (Orc:2)
  19 deep elf zephyrmancers
  An oklob plant (D:10)
  12 ugly things
  4 cyclopes
  3 manticores
  9 black mambas
  11 elephants
  A merfolk siren (Lair:4)
  2 smoke demons (Orc:2)
  3 gargoyles
  An ice statue (D:12)
  Maggie (D:10)
  7 cane toads
  A torpor snail (Lair:6)
  12 rime drakes
  15 komodo dragons
  6 freezing wraiths
  A kobold demonologist (Elf:1)
  2 ancient zymes (Abyss:2)
  2 unseen horrors
  A red devil (Orc:2)
  A tyrant leech (Gauntlet)
  19 polar bears
  A hornet (D:8)
  7 trolls
  A tarantella (shapeshifter) (D:8)
  5 raiju
  8 blink frogs
  Prince Ribbit (D:7)
  2 dream sheep (Lair:6)
  3 slime creatures (D:12)
  3 jumping spiders (Lair:2)
  A vampire (D:9)
  3 air elementals
  A culicivora (Lair:2)
  A shadow (D:10)
  2 ynoxinuls (Abyss:2)
  49 yaks
  3 wyverns
  A spriggan (Lair:5)
  4 water elementals
  A chaos spawn (Abyss:2)
  A wraith (D:12)
  2 fire bats
  3 fire elementals
  A basilisk (Lair:6)
  2 vampire mosquitoes (D:12)
  A neqoxec (Abyss:2)
  Grum (D:8)
  5 steam dragons
  A redback (Lair:2)
  8 wargs
  3 small abominations (Abyss:2)
  4 swamp worms (Gauntlet)
  Duvessa (D:4)
  A naga skeleton (Abyss:2)
  10 water moccasins
  4 acid dragons
  14 hell hounds (Lair:6)
  2 ice beasts
  30 orc warriors
  15 black bears
  2 sky beasts
  4 ogres
  A boggart (Elf:1)
  5 centaurs
  25 wolves
  A phantom (D:5)
  A kobold brigand (D:8)
  14 bullfrogs
  A gnoll sergeant (D:9)
  5 necrophages
  3 scorpions (D:4)
  An earth elemental (Elf:3)
  13 wights
  Dowan (D:4)
  3 killer bees (D:8)
  3 electric eels
  6 howler monkeys
  A gnoll shaman (D:4)
  4 hounds
  25 orc priests
  2 jellies
  6 iguanas
  22 orc wizards
  4 gnolls (D:9)
  9 adders
  A white imp (Abyss:2)
  An ufetubus (D:5)
  2 worms
  8 dart slugs
  100 orcs
  7 ball pythons
  13 endoplasms
  2 giant cockroaches
  8 goblins
  14 hobgoblins
  6 jackals (D:4)
  10 kobolds
  4 quokkas
  6 bats
  3 frilled lizards
  11 rats
820 creatures vanquished.

Vanquished Creatures (collateral kills)
  A frost giant (IceCv)
  A skeletal warrior (D:12)
  An orc wizard (Orc:2)
3 creatures vanquished.

Vanquished Creatures (others)
  A small abomination (Abyss:2)
  38 fungi
  65 plants
104 creatures vanquished.

Grand Total: 927 creatures vanquished

Notes
Turn   | Place    | Note
-------+----------+-------------------------------------------
     0 | D:1      | Dauddaud the Minotaur Berserker began the quest for the
                  | Orb.
     0 | D:1      | Reached XP level 1. HP: 19/19 MP: 0/0
    17 | D:1      | Reached skill level 4 in Axes
   189 | D:1      | Reached XP level 2. HP: 26/26 MP: 1/1
   457 | D:1      | Reached skill level 5 in Axes
   616 | D:1      | Reached XP level 3. HP: 31/31 MP: 2/2
  1022 | D:2      | Reached ** piety under Trog
  1318 | D:2      | Reached XP level 4. HP: 39/39 MP: 3/3
  1319 | D:2      | Reached skill level 6 in Axes
  1439 | D:2      | Found a faded altar of an unknown god.
  2050 | D:3      | You fall into a shaft and drop 3 floors!
  2056 | D:6      | Noticed a necrophage
  2066 | D:6      | Killed a necrophage
  2067 | D:6      | Reached skill level 7 in Axes
  2067 | D:6      | Reached XP level 5. HP: 41/45 MP: 4/4
  2108 | D:6      | Noticed a wyvern
  2115 | D:6      | Killed a wyvern
  2116 | D:6      | Reached skill level 8 in Axes
  2116 | D:6      | Reached XP level 6. HP: 36/51 MP: 5/5
  2343 | D:6      | Noticed an ice beast
  2354 | D:6      | Killed an ice beast
  2355 | D:6      | Reached skill level 9 in Axes
  2409 | D:6      | Noticed an ice beast
  2417 | D:5      | Entered Level 5 of the Dungeon
  2424 | D:5      | Killed an ice beast
  2425 | D:5      | Reached skill level 10 in Axes
  2425 | D:5      | Reached XP level 7. HP: 43/57 MP: 6/6
  2790 | D:5      | Found a staircase to the Ecumenical Temple.
  2821 | D:5      | Reached *** piety under Trog
  2857 | D:5      | Found an ornate altar of the Wu Jian Council.
  3018 | D:3      | Found Nueth's Magic Scroll Shop.
  3021 | D:3      | Bought a scroll of identify for 24 gold pieces
  3362 | D:4      | Reached skill level 11 in Axes
  3528 | D:4      | Reached XP level 8. HP: 60/64 MP: 7/7
  3919 | D:4      | Found a hazy altar of Hepliaklqana.
  3990 | D:4      | Reached skill level 12 in Axes
  4278 | D:4      | Noticed Dowan
  4280 | D:4      | Noticed Duvessa
  4287 | D:4      | Killed Dowan
  4298 | D:4      | Killed Duvessa
  4721 | D:4      | Found a sparkling altar of Nemelex Xobeh.
  5061 | D:4      | Reached skill level 13 in Axes
  5230 | D:5      | Reached **** piety under Trog
  5251 | D:5      | Found a stormy altar of Qazlal.
  5590 | D:5      | Reached skill level 14 in Axes
  6029 | D:6      | Reached XP level 9. HP: 37/70 MP: 8/8
  6971 | D:7      | Noticed a two-headed ogre
  6994 | D:7      | Killed a two-headed ogre
  6995 | D:7      | Reached skill level 15 in Axes
  7664 | D:7      | Reached skill level 5 in Evocations
  8099 | D:8      | Noticed Pikel
  8108 | D:8      | Noticed Prince Ribbit
  8112 | D:8      | Killed Pikel
  8113 | D:8      | Reached XP level 10. HP: 61/77 MP: 9/9
  8117 | D:8      | Noticed a two-headed ogre
  8132 | D:7      | Killed Prince Ribbit
  8295 | D:8      | Noticed Grum
  8296 | D:8      | Killed a two-headed ogre
  8698 | D:8      | Reached skill level 16 in Axes
  8698 | D:8      | Found a shimmering altar of Xom.
  8710 | D:8      | Killed Grum
  8856 | D:8      | Found a hide-covered altar of Uskayaw.
  9142 | D:8      | Noticed a gargoyle
  9167 | D:8      | Killed a gargoyle
  9186 | D:8      | Noticed a deep elf pyromancer
  9210 | D:8      | Killed a deep elf pyromancer
  9211 | D:8      | Reached XP level 11. HP: 48/82 MP: 10/10
 10147 | D:7      | Identified a scroll of acquirement
 10193 | D:8      | Acquired a +2 pair of boots of flying
 10433 | D:9      | Found a sacrificial altar of Ru.
 11169 | D:9      | Reached skill level 5 in Fighting
 11993 | D:9      | Found a glowing golden altar of the Shining One.
 12106 | D:10     | Entered Level 10 of the Dungeon
 12501 | D:10     | Noticed an oklob plant
 12858 | D:10     | Noticed Maggie
 12883 | D:10     | Reached skill level 5 in Armour
 12887 | D:10     | Killed Maggie
 13422 | D:10     | Found a staircase to the Lair.
 13424 | D:10     | Noticed Erica
 13439 | D:10     | Killed Erica
 13990 | D:11     | Reached ***** piety under Trog
 14553 | D:11     | Noticed Erolcha
 14563 | D:11     | Killed Erolcha
 14665 | D:11     | Reached skill level 5 in Dodging
 14735 | D:11     | Reached XP level 12. HP: 46/103 MP: 11/11
 15107 | D:11     | Found Esies's Antique Weapon Shoppe.
 15150 | D:11     | Found a staircase to the Orcish Mines.
 15525 | D:12     | Noticed a two-headed ogre
 15534 | D:12     | Killed a two-headed ogre
 16437 | D:12     | Reached skill level 10 in Fighting
 17337 | D:12     | Reached skill level 10 in Armour
 17960 | D:13     | Noticed a six-headed hydra
 17984 | D:13     | Killed a seven-headed hydra
 18135 | D:13     | Noticed a sphinx
 18135 | D:13     | Noticed a four-headed hydra
 18219 | Orc:1    | Entered Level 1 of the Orcish Mines
 18246 | Orc:1    | Noticed a two-headed ogre
 18633 | D:11     | Killed a two-headed ogre
 19339 | Orc:1    | Found Poumnuod's Distillery.
 19342 | Orc:1    | Bought a potion of heal wounds for 65 gold pieces
 19342 | Orc:1    | Bought a potion of curing for 39 gold pieces
 19543 | Orc:1    | Noticed Fannar
 19562 | Orc:1    | Killed Fannar
 19563 | Orc:1    | Reached XP level 13. HP: 102/116 MP: 12/12
 19639 | Orc:1    | Noticed Jorgrun
 19670 | Orc:1    | Killed Jorgrun
 21575 | Orc:2    | Entered Level 2 of the Orcish Mines
 22947 | Orc:2    | Found Apneru's Magic Scroll Shoppe.
 23297 | Orc:2    | Found Inooqu Rexa's General Store.
 25626 | Orc:2    | Gained mutation: You are somewhat resistant to further
                  | mutation. [a neqoxec]
 26380 | Orc:2    | Found a staircase to the Elven Halls.
 27135 | Orc:2    | Reached XP level 14. HP: 57/132 MP: 13/13
 27484 | Orc:2    | Found Gyapu's Antique Armour Boutique.
 27484 | Orc:2    | Found Fiomovvairgh's Book Shop.
 27485 | Orc:2    | Found a one-way gate leading to the halls of Pandemonium.
 27545 | Elf:1    | Entered Level 1 of the Elven Halls
 27548 | Elf:1    | Paralysed by an air elemental for 1 turns
 27552 | Elf:1    | Paralysed by an air elemental for 1 turns
 27557 | Orc:2    | Paralysed by an air elemental for 1 turns
 27560 | Orc:2    | Paralysed by an air elemental for 1 turns
 28199 | Elf:1    | Reached skill level 17 in Axes
 30879 | Elf:1    | Found Nacheoqo's Assorted Antiques.
 31028 | Elf:1    | Reached skill level 18 in Axes
 31262 | Elf:1    | Reached skill level 10 in Evocations
 31499 | Elf:1    | Noticed a cacodemon
 31870 | Elf:2    | Found a frozen archway.
 31940 | IceCv    | Entered an ice cave
 32851 | IceCv    | Reached skill level 19 in Axes
 33697 | IceCv    | Noticed a frost giant
 33697 | IceCv    | Noticed a frost giant
 33697 | IceCv    | Noticed a frost giant
 34178 | IceCv    | Killed a frost giant
 34218 | IceCv    | Killed a frost giant
 34219 | IceCv    | Reached XP level 15. HP: 75/138 MP: 14/14
 34702 | IceCv    | Identified the ring "Kiplizei" {rC+ Int+6}
 34708 | IceCv    | Killed a frost giant
 35615 | IceCv    | Reached skill level 20 in Axes
 39016 | D:3      | Bought a scroll of acquirement for 624 gold pieces
 39038 | D:3      | Acquired a +2 executioner's axe of electrocution
 39514 | Elf:3    | Entered Level 3 of the Elven Halls
 39517 | Elf:3    | Paralysed by an air elemental for 1 turns
 40128 | Elf:3    | Found Ruomo's Magic Scroll Boutique.
 40274 | Elf:3    | Found Poklav's Assorted Antiques.
 40424 | Elf:3    | Bought a pair of glowing gloves for 180 gold pieces
 41380 | Elf:3    | Noticed a deep elf sorcerer
 41407 | Elf:3    | Cast into level 2 of the Abyss (a deep elf sorcerer)
 41407 | Abyss:2  | Found a corrupted altar of Lugonu.
 41912 | Elf:3    | Escaped the Abyss
 41918 | Elf:3    | Killed a deep elf sorcerer
 42414 | D:3      | Bought a scroll of blinking for 90 gold pieces
 42414 | D:3      | Bought a scroll of summoning for 114 gold pieces
 42670 | Orc:2    | Bought 2 scrolls of teleportation for 90 gold pieces
 42672 | Orc:2    | Bought a scroll of teleportation for 39 gold pieces
 42789 | Elf:3    | Bought a scroll of teleportation for 45 gold pieces
 43042 | Lair:1   | Entered Level 1 of the Lair of Beasts
 43491 | Lair:1   | Reached skill level 21 in Axes
 44127 | Lair:2   | Found a gate leading to a gauntlet.
 44147 | Gauntlet | Entered a Gauntlet
 44147 | Gauntlet | Found a transporter.
 44147 | Gauntlet | Found a transporter.
 44147 | Gauntlet | Found a transporter.
 44150 | Gauntlet | Found a transporter.
 44151 | Gauntlet | Found a transporter.
 44161 | Gauntlet | Found a transporter.
 44228 | Gauntlet | Found a transporter.
 44248 | Gauntlet | Found a transporter.
 44253 | Gauntlet | Found a transporter.
 44263 | Gauntlet | Found a transporter.
 44278 | Gauntlet | Found a transporter.
 44284 | Gauntlet | Found a transporter.
 44616 | Gauntlet | Identified the ring "Bisaluv" {EV+4 Dex+7 SInv}
 44950 | Lair:2   | Found a hole to the Spider Nest.
 46130 | Lair:3   | Reached skill level 22 in Axes
 46670 | Lair:4   | Found a staircase to the Shoals.
 47002 | Lair:4   | Noticed Nessos
 47007 | Lair:4   | Killed Nessos
 47520 | Lair:5   | Reached XP level 16. HP: 146/146 MP: 15/15
 47954 | Lair:6   | Entered Level 6 of the Lair of Beasts
 48051 | Lair:6   | Reached skill level 23 in Axes
 48085 | Lair:6   | Received a gift from Trog
 48505 | Lair:6   | Reached skill level 24 in Axes
 48678 | Lair:6   | Lost mutation: You are somewhat resistant to further
                  | mutation. [potion of mutation]
 48678 | Lair:6   | Gained mutation: Your flesh is cold resistant. (rC+)
                  | [potion of mutation]
 48678 | Lair:6   | Lost mutation: Your flesh is cold resistant. (rC+) [potion
                  | of mutation]
 48678 | Lair:6   | Gained mutation: Your spells are a little easier to cast,
                  | but a little less powerful. [potion of mutation]
 48678 | Lair:6   | Gained mutation: You have hidden genetic potential. [potion
                  | of mutation]
 48751 | Lair:6   | Received a gift from Trog
 48758 | Lair:6   | Found a viscous altar of Jiyva.
 48758 | Lair:6   | Found a staircase to the Slime Pits.
 49231 | Shoals:1 | Entered Level 1 of the Shoals
 49270 | Lair:4   | HP: 11/220 [poisoned by a sea snake]
 49271 | Lair:4   | HP: 3/220 [poisoned by a sea snake]
 49272 | Lair:4   | Succumbed to a sea snake's poison

Illustrated notes

Levels and vault maps discovered:
D:1:      wander_arrival_chamber, layout_basic
D:2:      layout_basic, hellmonk_ecumenical_altar_blasted, chequers_jeans
D:3:      layout_basic, serial_shops, nicolae_shop_hallway_stairs, wad_orctagon
D:4:      layout_loops_corners, grunt_temple_overflow_open,
          kennysheep_opposing_triangles, uniq_duvessa
D:5:      layout_loops_ring, mainiacjoe_overflow_paths, lemuel_doored_altar,
          temple_statues, minmay_circle_x
D:6:      layout_basic, abandoned_shop, minmay_misc_feat_roman
D:7:      layout_basic
D:8:      layout_gridville, jmf_multi_god_temple, minmay_pinched_square,
          uniq_prince_ribbit1, uniq_pikel, uniq_grum
D:9:      layout_gridville, mainiacjoe_overflow_chevrons,
          mainiacjoe_overflow_six_doors_small, enter_bailey_1
D:10:     layout_long_grid, dpeg_oklobed_lair, uniq_maggie, uniq_erica
D:11:     layout_basic, hiddenorc1_lemuel, serial_shops, shop, uniq_erolcha
D:12:     layout_basic, minivault_15
D:13:     hourglass_vault, layout_basic
Lair:1:   layout_loops_ring, infiniplex_staircase_pool, grunt_megastairs_4
Lair:2:   layout_gridlike, spider_nest_entry_funnel_web, gauntlet_entry_generic,
          grunt_forest_small_clearings
Lair:3:   layout_cave_pods
Lair:4:   layout_regular_city, minmay_shoals_entry_lonely_mermaid,
          serial_bayou_shore_a, uniq_nessos
Lair:5:   layout_cave_shapes, minivault_25, chequers_serial_rivers_large_b,
          grunt_forest_stairs_clearing, lemuel_fruit_tree
Lair:6:   guppyfry_lair_end_dragon, layout_loops_ring,
          hangedman_lair_caniforms_friends, slime_altar_1, grunt_megastairs_1
Shoals:1: layout_shoals, nicolae_shop_gadgets, uniq_louise
Orc:1:    layout_diamond_mine, serial_shops, nicolae_shop_behind_doors,
          elves_outpost_lemuel, uniq_fannar, uniq_jorgrun
Orc:2:    pf_orc_diabolical, layout_diamond_mine, basic_altar
Elf:1:    nicolae_elf_arrival_aired_out, layout_onion_city, serial_shops,
          nicolae_shop_trees, hangedman_elf_disciples
Elf:2:    nicolae_elf_blades_crystal_corner, layout_gridlike,
          portal_ice_cave_entry_horrid_things, uniq_saint_roka
Elf:3:    grunt_elf_hall_asides, layout_loops_corners, serial_shops, shop_coins,
          shop, shop, uniq_roxanne

Skill      XL: |  1  2  3  4  5  6  7  8  9 10 11 12 13 14 15 16 |
---------------+-------------------------------------------------+-----
Axes           | 4 5 7 8 10 11 14 15 16 19 22 24 | 24.0
Evocations     | 5 9 10 12 | 12.3
Fighting       | 8 11 14 | 14.5
Armour         | 7 11 13 14 | 14.3
Dodging        | 5 7 9 |  9.5

Action                   |  1- 3 |  4- 6 |  7- 9 | 10-12 | 13-15 | 16-18 || total
-------------------------+-------+-------+-------+-------+-------+-------++-------
Melee: Hand axe          |    82 |    69 |   386 |   338 |       |       ||   875
       Headbutt          |    14 |     9 |    73 |   165 |   205 |    72 ||   538
       Punch             |     2 |       |     5 |     2 |       |       ||     9
       Battleaxe         |       |       |       |   357 |   763 |       ||  1120
       War axe           |       |       |       |    38 |       |       ||    38
       Executioner's axe |       |       |       |       |   334 |   289 ||   623
Invok: Trog's Hand       |       |     3 |       |     9 |    20 |       ||    32
       Berserk           |       |     1 |     2 |     7 |    18 |     1 ||    29
       Brothers in Arms  |       |       |       |     3 |     4 |       ||     7
Evoke: Wand              |       |       |       |     6 |    33 |       ||    39
  Use: Scroll            |       |       |     7 |    10 |     8 |     5 ||    30
       Potion            |       |       |       |     1 |    10 |     8 ||    19
 Stab: Distracted        |       |       |       |       |     2 |       ||     2
Armor: Animal skin       |     3 |       |       |       |       |       ||     3
       Scale mail        |    24 |     6 |       |       |       |       ||    30
       Plate armour      |       |    22 |   144 |    71 |       |       ||   237
       Crystal plate arm |       |       |       |   572 |   797 |   224 ||  1593
Dodge: Dodged            |    43 |    33 |   147 |   337 |   537 |    99 ||  1196

Table legend: (Time is in decaauts)
 A = Elapsed time spent in this place.
 B = Non-inter-level travel time spent in this place.
 C = Inter-level travel time spent in this place.
 D = Time resting spent in this place.
 E = Time spent auto-exploring this place.
 F = Levels seen in this place.
 G = Mean time per level.
                   A        B        C        D        E       F      G
               +--------+--------+--------+--------+--------+-----+--------+
         Total |  49038 |  46621 |   2417 |  24309 |  15453 |  28 | 1751.4 |
       Dungeon |  20603 |  19211 |   1392 |   8653 |   8054 |  13 | 1584.8 |
          Lair |   5611 |   5447 |    164 |    459 |   4141 |   6 |  935.2 |
        Shoals |     29 |     29 |      0 |      0 |      3 |   1 |   29.0 |
  Orcish Mines |   8601 |   8182 |    419 |   5748 |   1158 |   2 | 4300.5 |
   Elven Halls |   8777 |   8336 |    441 |   5710 |   1512 |   3 | 2925.7 |
         Abyss |    529 |    529 |      0 |    333 |      0 |   1 |  529.0 |
      Ice Cave |   4417 |   4417 |      0 |   3404 |    327 |   1 | 4417.0 |
      Gauntlet |    468 |    468 |      0 |      0 |    258 |   1 |  468.0 |
               +--------+--------+--------+--------+--------+-----+--------+

Top non-repeatable levels by time:
   Orc:2: 4541 daAuts
   IceCv: 4417 daAuts
   Elf:1: 4406 daAuts
   Orc:1: 4060 daAuts
    D:11: 3941 daAuts
   Elf:2: 2254 daAuts
   Elf:3: 2116 daAuts
     D:4: 2059 daAuts
     D:9: 2033 daAuts
     D:8: 1928 daAuts
     D:7: 1852 daAuts
    D:10: 1697 daAuts
    D:12: 1435 daAuts
     D:5: 1330 daAuts
     D:6: 1321 daAuts
